 Dungeon Crawl Stone Soup version 0.26.1-11-gd32895ea62 (webtiles) character file.

Game seed: 3340413780116855575

3849 Zeld the Basher (level 10, -6/60 HPs)
             Began as an Octopode Warper on May 17, 2021.
             Was a Follower of Makhleb.
             Mangled by a yak (16 damage)
             ... on level 8 of the Dungeon.
             The game lasted 00:13:48 (13051 turns).

Zeld the Basher (Octopode Warper)                  Turns: 13051, Time: 00:13:49

Health: -6/60      AC:  1    Str: 20    XL:     10   Next: 18%
Magic:  20/20      EV: 13    Int: 15    God:    Makhleb [*.....]
Gold:   12         SH:  5    Dex: 12    Spells: 7/22 levels left

rFire    + . .     SeeInvis .   d - +0 morningstar
rCold    + . .     Faith    .   (no shield)
rNeg     . . .     Spirit   .   (helmet restricted)
rPois    .         Reflect  +   y - amulet of reflection
rElec    .         Harm     .   i - ring of protection from cold
rCorr    .         Rampage  .   x - ring of protection from fire
Will     .....                  w - +6 ring of strength
Stlth    ++........             (no ring)
HPRegen  0.20/turn              (no ring)
MPRegen  0.17/turn              (no ring)
                                (no ring)
                                (no ring)

@: studying Maces & Flails
A: almost no armour, stealthy swim, amphibious, 8 rings, constrict 8, camouflage
1, gelatinous body 1
a: Renounce Religion


You were on level 8 of the Dungeon.
You worshipped Makhleb.
Makhleb was aware of your devotion.
You visited 2 branches of the dungeon, and saw 11 of its levels.

You collected 430 gold pieces.
You spent 418 gold pieces at shops.

Inventory:

Hand Weapons
 a - a +0 mace
 d - a +0 morningstar (weapon)
 v - a +3 mace
Jewellery
 i - a ring of protection from cold (left tentacle)
 w - a +6 ring of strength (on tentacle)
 x - a ring of protection from fire (right tentacle)
 y - an amulet of reflection (around mantle)
Scrolls
 b - a scroll of enchant weapon {unknown}
 c - 2 scrolls of blinking
 e - 2 scrolls of teleportation
 h - a scroll of magic mapping {unknown}
 m - 3 scrolls of remove curse
 o - 3 scrolls of fear
 q - a scroll of amnesia
 z - a scroll of enchant armour {unknown}
 C - a scroll of silence
Potions
 f - a potion of cancellation
 g - 3 potions of haste
 j - a potion of might
 k - 3 potions of heal wounds
 l - a potion of magic
 n - 3 potions of flight
 p - 3 potions of ambrosia {unknown}
 r - a potion of resistance {unknown}
 s - 3 potions of curing
 u - 3 potions of attraction {unknown}
 A - 2 potions of brilliance {unknown}
 B - a potion of degeneration {unknown}
Books
 t - a manual of Maces & Flails


   Skills:
 - Level 2.0 Fighting
 * Level 12.9 Maces & Flails
 - Level 1.0 Throwing
 - Level 2.3 Dodging
 + Level 6.8 Spellcasting
 + Level 7.8 Translocations


You had 7 spell levels left.
You knew the following spells:

 Your Spells              Type           Power        Failure   Level
a - Blink                 Tloc           N/A          1%          2
b - Gell's Gravitas       Tloc           14%          1%          3
c - Lesser Beckoning      Tloc           14%          1%          3
d - Teleport Other        Tloc           28%          1%          3
e - Passage of Golubria   Tloc           N/A          5%          4

Your spell library contained the following spells:

 Spells                   Type           Power        Failure   Level
 Corona                   Hex            5%           14%         1
 Magic Dart               Conj           20%          14%         1
 Call Imp                 Summ           5%           21%         2
 Ensorcelled Hibernation  Hex/Ice        10%          21%         2
 Slow                     Hex            5%           21%         2
 Confusing Touch          Hex            5%           38%         3
 Conjure Flame            Conj/Fire      5%           38%         3
 Dazzling Flash           Conj/Hex       10%          38%         3
 Mephitic Cloud           Conj/Pois/Air  5%           38%         3
 Tukima's Dance           Hex            5%           38%         3
 Petrify                  Tmut/Erth      5%           80%         4
 Metabolic Englaciation   Hex/Ice        2%           98%         5
 Yara's Violent Unravell  Hex/Tmut       2%           98%         5


Dungeon Overview and Level Annotations

Branches:
Dungeon (10/15)            Temple (1/1) D:4
   Lair: D:8-11         Orc: D:9-12

Altars:
Ashenzari
Cheibriados
Dithmenos
Elyvilon
Fedhas
Gozag
Hepliaklqana
Kikubaaqudgha
Makhleb
Nemelex Xobeh
Okawaru
Qazlal
Ru
Sif Muna
Trog
Uskayaw
Vehumet
Wu Jian
Xom
Yredelemnul
Zin
The Shining One

Shops:
D:4 ***[   D:5 (   D:7 !(*   D:8 ?

Annotations:
D:8 Pikel


Innate Abilities, Weirdness & Mutations

You cannot wear most types of armour.
You are very stealthy in the water. (Stealth+)
You are amphibious.
You can wear up to eight rings at the same time.
You can use your tentacles to constrict eight enemies at once.
Your skin changes colour to match your surroundings (Stealth+).
Your rubbery body absorbs attacks. (AC +1, EV +1)


Message History

You puncture the yak!
The yak is almost dead.
The yak misses you.
You puncture the yak!
You kill the yak!
Makhleb accepts your kill.
You completely miss the yak. The yak misses you.
You thump the yak! Your squeeze misses the yak.
The yak is moderately wounded.
You puncture the yak!
The yak is heavily wounded.
The yak gores you.
You hit the yak. Your squeeze misses the yak.
The yak is severely wounded.
The yak gores you!!
* * * LOW HITPOINT WARNING * * *
You barely miss the yak. You squeeze the yak.
The yak is severely wounded.
The yak gores you!
You die...

###.#######.############
.........c....(.....>...
###.####.##.############
##..#<.# #(# ##.#.Y##.##+##
##....#....(.# ##Y∩.#'.....(#
.....##Y....(################
...#.........'ZY@.........†.#
.######.....$##############)#
..........?..# ####.#
######.......# #....#
...$......# #.####
##########(### #.#
.........(.# #.# ############
#.# #.#


You could see a yak and a quokka skeleton.

Vanquished Creatures
  Joseph (D:7)
  2 centaur skeletons (D:10)
  4 yaks
  Edmund (D:5)
  2 black bears (D:8)
  2 ogres
  2 orc warriors (D:8)
  2 phantoms
  A necrophage (D:10)
  An eye of draining (D:8)
  2 centaurs (D:5)
  Blork the orc (D:4)
  7 bullfrogs
  A scorpion (D:4)
  6 killer bees
  A centaur zombie (D:4)
  An orc priest (D:6)
  3 hounds
  Crazy Yiuf (D:2)
  2 orc wizards
  A bullfrog skeleton (D:6)
  An iguana (D:5)
  4 worker ants
  A hound zombie (D:8)
  2 hound skeletons
  8 adders
  2 shadow imps (D:6)
  3 white imps
  2 dart slugs
  3 leopard geckos
  16 orcs
  3 giant cockroaches
  5 hobgoblins
  6 jackals
  A quokka (D:5)
  A ball python (D:1)
  7 bats
  4 frilled lizards (D:3)
  5 goblins
  A jackal zombie (D:8)
  10 kobolds
  A quokka skeleton (D:4)
  4 rats
134 creatures vanquished.

Vanquished Creatures (others)
  A quokka (D:3)
  2 fungi (D:2)
3 creatures vanquished.

Grand Total: 137 creatures vanquished

Notes
Turn   | Place    | Note
-------+----------+-------------------------------------------
     0 | D:1      | Zeld the Octopode Warper began the quest for the Orb.
     0 | D:1      | Reached XP level 1. HP: 14/14 MP: 3/3
   230 | D:1      | Reached XP level 2. HP: 5/19 MP: 5/5
   806 | D:2      | Found an ornate altar of the Wu Jian Council.
   993 | D:2      | Found a radiant altar of Vehumet.
  1271 | D:2      | Reached XP level 3. HP: 18/24 MP: 6/6
  1274 | D:2      | Learned a level 2 spell: Blink
  1278 | D:2      | Learned a level 3 spell: Gell's Gravitas
  1556 | D:2      | Noticed a water elemental
  1557 | D:2      | Found a stormy altar of Qazlal.
  1560 | D:2      | Noticed an air elemental
  1560 | D:2      | Noticed an earth elemental
  1560 | D:2      | Noticed a fire elemental
  1635 | D:2      | Reached skill level 3 in Maces & Flails
  2038 | D:2      | Found a runed translucent door.
  2039 | D:2      | Noticed Crazy Yiuf
  2046 | D:2      | Killed Crazy Yiuf
  2047 | D:2      | Reached XP level 4. HP: 22/29 MP: 7/7
  2167 | D:3      | Learned a level 3 spell: Lesser Beckoning
  2854 | D:3      | Found a white marble altar of Elyvilon.
  2939 | D:3      | Reached XP level 5. HP: 18/34 MP: 9/9
  3863 | D:4      | Reached skill level 4 in Maces & Flails
  4228 | D:4      | Found Tusorchoe's Armour Boutique.
  4228 | D:4      | Found Viplexie's Elemental Accessories.
  4425 | D:4      | Noticed Blork the orc
  4431 | D:4      | Killed Blork the orc
  4432 | D:4      | Reached XP level 6. HP: 39/39 MP: 10/10
  4436 | D:4      | Learned a level 3 spell: Teleport Other
  4727 | D:4      | Found Qennooru's Assorted Antiques.
  4737 | D:4      | Bought a scroll of identify for 54 gold pieces
  4737 | D:4      | Bought a scroll of identify for 54 gold pieces
  4737 | D:4      | Bought a scroll of identify for 54 gold pieces
  4737 | D:4      | Bought a murky golden potion for 24 gold pieces
  4752 | D:4      | Found Caoggij's Assorted Antiques.
  4930 | D:4      | Found a staircase to the Ecumenical Temple.
  4947 | D:5      | Entered Level 5 of the Dungeon
  4955 | Temple   | Entered the Ecumenical Temple
  5153 | Temple   | Became a worshipper of Makhleb the Destroyer
  5322 | D:5      | Reached skill level 5 in Maces & Flails
  5585 | D:5      | Reached XP level 7. HP: 33/45 MP: 12/12
  5743 | D:5      | Reached skill level 5 in Translocations
  5927 | D:5      | Found Hiucka's Weapon Shoppe.
  5994 | D:5      | Reached skill level 6 in Maces & Flails
  6528 | D:5      | Found a hazy altar of Hepliaklqana.
  6604 | D:5      | Noticed Edmund
  6623 | D:5      | Found an iron altar of Okawaru.
  6939 | D:6      | Reached skill level 7 in Maces & Flails
  6939 | D:6      | Reached XP level 8. HP: 29/50 MP: 14/14
  6944 | D:6      | Learned a level 4 spell: Passage of Golubria
  7435 | D:6      | Found a sparkling altar of Nemelex Xobeh.
  8154 | D:5      | Found Hiucka's Weapon Shoppe.
  8204 | D:5      | Killed Edmund
  8205 | D:5      | Reached skill level 8 in Maces & Flails
  8681 | D:5      | Found a hazy altar of Hepliaklqana.
  8871 | D:5      | Found an iron altar of Okawaru.
  9085 | D:7      | Found a sacrificial altar of Ru.
  9216 | D:7      | Found Ogigu's Assorted Antiques.
  9221 | D:7      | Bought a white potion for 23 gold pieces
  9221 | D:7      | Bought 2 coppery potions for 46 gold pieces
  9221 | D:7      | Bought a scroll of identify for 52 gold pieces
  9221 | D:7      | Bought an amethyst potion for 23 gold pieces
  9306 | D:4      | Bought a fizzy coppery potion for 20 gold pieces
  9466 | D:7      | Noticed Joseph
  9488 | D:7      | Killed Joseph
  9489 | D:7      | Reached skill level 9 in Maces & Flails
  9489 | D:7      | Reached skill level 5 in Spellcasting
  9884 | D:7      | Found Duaq's Weapon Boutique.
  9912 | D:7      | You fall into a shaft and drop 3 floors!
  9912 | D:10     | Entered Level 10 of the Dungeon
  9922 | D:10     | Reached XP level 9. HP: 45/54 MP: 15/17
 10103 | D:10     | Reached skill level 10 in Maces & Flails
 10778 | D:10     | Reached skill level 11 in Maces & Flails
 11120 | D:9      | Found a glowing silver altar of Zin.
 11162 | D:8      | Noticed Pikel
 11194 | D:8      | Found a blossoming altar of Fedhas.
 11832 | D:8      | Reached * piety under Makhleb
 11963 | D:8      | Found Tios's Magic Scroll Shop.
 11983 | D:7      | Reached skill level 12 in Maces & Flails
 12329 | D:7      | Found Sukieph's Distillery.
 12359 | D:7      | Bought a potion of curing for 45 gold pieces
 12485 | D:7      | HP: 2/54 [killer bee (6)]
 12778 | D:4      | Bought a scroll labelled ZIG QIAHIOSI for 23 gold pieces
 12886 | D:8      | Reached XP level 10. HP: 41/60 MP: 19/19
 13051 | D:8      | Mangled by a yak

Illustrated notes

Levels and vault maps discovered:
D:1:      lemuel_arrival_river_ford, layout_basic, minivault_25,
          grunt_decor_mini_mirrors, minmay_tripent
D:2:      layout_basic, lemuel_crystal_altar, nicolae_qazlal_style_of_elements,
          lemuel_crystal_altar, uniq_crazy_yiuf_cottage
D:3:      layout_basic, elyvilon_altar_4
D:4:      layout_cave_pools, temple_fountains, serial_shops,
          nicolae_shop_temple_entry_statues_fountains, shop_statue, shop,
          minmay_misc_feat_rugged, nicolae_elemental_shop, chequers_jeans,
          serial_bayou_pond_a, uniq_blork_the_orc
D:5:      layout_loops_corners, marbit_many_paths, kennysheep_okawaru_gauntlet,
          serial_shops, nicolae_shop_window_shopping, minmay_manual_monstrance,
          uniq_edmund
D:6:      layout_gridville, kennysheep_mini
D:7:      layout_loops_cross, nicolae_overflow_crystal_walls, serial_shops,
          kennysheep_little_box, nicolae_shop_statue_plus,
          nicolae_shop_competitors_out_of_business, nrook_uturn, uniq_joseph
D:8:      layout_basic, general_overflow_altar, serial_shops,
          nicolae_shop_stone, uniq_pikel
D:9:      layout_irregular_city, lemuel_doored_altar
D:10:     layout_rooms
Temple:   nicolae_temple_figure_eight

Skill      XL: |  1  2  3  4  5  6  7  8  9 |
---------------+----------------------------+-----
Maces & Flails | 3 4 5 7 9 12 | 12.9
Spellcasting   | 3 4 5 6 |  6.8
Translocations | 4 5 6 7 |  7.8
Fighting       | |  2.0
Throwing       | |  1.0
Dodging        | |  2.3

Action                   |  1- 3 |  4- 6 |  7- 9 | 10-12 || total
-------------------------+-------+-------+-------+-------++-------
Melee: Mace              |    66 |    85 |     8 |       ||   159
       Constrict         |    16 |    21 |    35 |     3 ||    75
       Tentacles         |     5 |    23 |    54 |     8 ||    90
       Morningstar       |       |    27 |   204 |    30 ||   261
Throw: Boomerang         |       |       |     5 |       ||     5
 Cast: Gell's Gravitas   |       |     1 |     9 |       ||    10
       Teleport Other    |       |       |     3 |       ||     3
       Blink             |       |       |     9 |       ||     9
  Use: Scroll            |       |    11 |    12 |       ||    23
       Potion            |       |       |     5 |       ||     5
 Stab: Sleeping          |     9 |     2 |     7 |       ||    18
       Distracted        |       |       |     1 |       ||     1
Armor: Skin              |     8 |     9 |     9 |       ||    26
Dodge: Dodged            |    53 |   105 |   114 |     9 ||   281
Block: Other             |       |       |    45 |     4 ||    49
